Workbook
Name AbaDeprec: '5. Depreciação'!$A$2
Name AbaRemun: '6.Remuneração de capital'!$A$2

Sheet Orçamento
A1: Orientações para preenchimento:
A2: 1. A planilha será preenchida automaticamente.
A4: MUNICÍPIO DE SANTA CLARA DO SUL
A5: Contadoria
A6: COLETA ORGANICA, COLETA SELETIVA, TRANSPORTE, ARMAZENAMENTO (ESTAÇÃO DE TRANSBORDO), CLASSIFICAÇÃO/SELEÇÃO, TRANSPORTE ATÉ O DESTINO FINAL DE RESÍDUOS SÓLIDOS DOMICILIARES
A7: Planilha de Composição de Custos
A9: Orçamento Sintético
A10: Descrição do Item | E10: Custo (R$/mês) | F10: %
A11: ='1.1.Coleta Organica '!A18 -> 1. Mão-de-obra | E11: =SUM(E12:E18) -> 33876.095 | F11: =E11/$E$49 -> 0.2369116
A12: ='1.1.Coleta Organica '!A19 -> 1.1. Coletor Turno Dia | E12: ='1.1.Coleta Organica '!E19+'1.2. Coleta Seletiva'!E19 -> 8999.2531 | F12: =E12/$E$49 -> 0.062936045
A13: ='1.1.Coleta Organica '!A20 -> 1.2. Motorista Turno do Dia | E13: ='1.1.Coleta Organica '!E20+'1.2. Coleta Seletiva'!E20+'1.5.Destino final'!E20 -> 6631.686 | F13: =E13/$E$49 -> 0.046378526
A14: ='1.4 Central de Triagem'!A12 -> 1.3. Reciclador Turno do Dia | E14: ='1.4 Central de Triagem'!E12 -> 8924.5225 | F14: =E14/$E$49 -> 0.062413419
A15: ='1.4 Central de Triagem'!A13 -> 1.4. Operador Turno do Dia | E15: ='1.4 Central de Triagem'!E13 -> 4988.908 | F15: =E15/$E$49 -> 0.0348898
A16: ='1.1.Coleta Organica '!A21 -> 1.5. Vale Transporte | E16: ='1.1.Coleta Organica '!E21+'1.2. Coleta Seletiva'!E21+'1.4 Central de Triagem'!E14+'1.5.Destino final'!E21 -> 543.88498 | F16: =E16/$E$49 -> 0.0038036457
A17: ='1.1.Coleta Organica '!A22 -> 1.6. Vale-refeição (diário) | E17: ='1.1.Coleta Organica '!E22+'1.2. Coleta Seletiva'!E22+'1.4 Central de Triagem'!E15+'1.5.Destino final'!E22 -> 893 | F17: =E17/$E$49 -> 0.0062451725
A18: ='1.1.Coleta Organica '!A23 -> 1.7. Auxílio Alimentação (mensal) | E18: ='1.1.Coleta Organica '!E23+'1.2. Coleta Seletiva'!E23+'1.4 Central de Triagem'!E16+'1.5.Destino final'!E23 -> 2894.8409 | F18: =E18/$E$49 -> 0.020244995
A19: ='1.1.Coleta Organica '!A24:C24 -> 2. Uniformes e Equipamentos de Proteção Individual | E19: ='1.1.Coleta Organica '!E24+'1.2. Coleta Seletiva'!E24+'1.4 Central de Triagem'!E17+'1.5.Destino final'!E24 -> 1368.265 | F19: =E19/$E$49 -> 0.0095689259
A20: ='1.1.Coleta Organica '!A25:C25 -> 3. Veículos e Equipamentos | E20: =E21+E28+E31+E38 -> 63428.096 | F20: =E20/$E$49 -> 0.44358276
A21: ='1.1.Coleta Organica '!A26 -> 3.1. Veículo Coletor Compactador 15 m³(mínimo) | E21: =SUM(E22:E27) -> 37917.418 | F21: =E21/$E$49 -> 0.26517449
A22: ='1.1.Coleta Organica '!A27 -> 3.1.1. Depreciação | E22: ='1.1.Coleta Organica '!E27+'1.2. Coleta Seletiva'!E27 -> 3410.1904 | F22: =E22/$E$49 -> 0.023849079
A23: ='1.1.Coleta Organica '!A28 -> 3.1.2. Remuneração do Capital | E23: ='1.1.Coleta Organica '!E28+'1.2. Coleta Seletiva'!E28 -> 5176.3217 | F23: =E23/$E$49 -> 0.036200473
A24: ='1.1.Coleta Organica '!A29 -> 3.1.3. Impostos e Seguros | E24: ='1.1.Coleta Organica '!E29+'1.2. Coleta Seletiva'!E29 -> 1554.6233 | F24: =E24/$E$49 -> 0.010872218
A25: ='1.1.Coleta Organica '!A30 -> 3.1.4. Consumos | E25: ='1.1.Coleta Organica '!E30+'1.2. Coleta Seletiva'!E30 -> 21005.463 | F25: =E25/$E$49 -> 0.14690117
A26: ='1.1.Coleta Organica '!A31 -> 3.1.5. Manutenção | E26: ='1.1.Coleta Organica '!E31+'1.2. Coleta Seletiva'!E31 -> 4874.988 | F26: =E26/$E$49 -> 0.034093103
A27: ='1.1.Coleta Organica '!A32 -> 3.1.6. Pneus | E27: ='1.1.Coleta Organica '!E32+'1.2. Coleta Seletiva'!E32 -> 1895.8319 | F27: =E27/$E$49 -> 0.013258451
A28: ='1.3.Estação de transbordo'!A13 -> 3.2. Estacão de transbordo | E28: =SUM(E29:E30) -> 957.34683 | F28: =E28/$E$49 -> 0.0066951805
A29: ='1.3.Estação de transbordo'!A14 -> 3.2.1. Depreciação | E29: ='1.3.Estação de transbordo'!E14 -> 380.21667 | F29: =E29/$E$49 -> 0.0026590355
A30: ='1.3.Estação de transbordo'!A15 -> 3.2.2. Remuneração do Capital | E30: ='1.3.Estação de transbordo'!E15 -> 577.13017 | F30: =E30/$E$49 -> 0.004036145
A31: ='1.4 Central de Triagem'!A19 -> 3.3. Retroescavadeira | E31: =SUM(E32:E37) -> 8726.165 | F31: =E31/$E$49 -> 0.061026211
A32: ='1.4 Central de Triagem'!A20 -> 3.3.1. Depreciação | E32: ='1.4 Central de Triagem'!E20 -> 2064.0333 | F32: =E32/$E$49 -> 0.014434764
A33: ='1.4 Central de Triagem'!A21 -> 3.3.2. Remuneração do Capital | E33: ='1.4 Central de Triagem'!E21 -> 4433.3333 | F33: =E33/$E$49 -> 0.031004403
A34: ='1.4 Central de Triagem'!A22 -> 3.3.3. Impostos e Seguros | E34: ='1.4 Central de Triagem'!E22 -> 333.33333 | F34: =E34/$E$49 -> 0.0023311581
A35: ='1.4 Central de Triagem'!A23 -> 3.3.4. Consumos | E35: ='1.4 Central de Triagem'!E23 -> 1299.815 | F35: =E35/$E$49 -> 0.0090902228
A36: ='1.4 Central de Triagem'!A24 -> 3.3.5. Manutenção | E36: ='1.4 Central de Triagem'!E24 -> 268.4 | F36: =E36/$E$49 -> 0.0018770485
A37: ='1.4 Central de Triagem'!A25 -> 3.3.6. Pneus | E37: ='1.4 Central de Triagem'!E25 -> 327.25 | F37: =E37/$E$49 -> 0.0022886145
A38: ='1.5.Destino final'!A26 -> 3.4. Conjunto com Romeu e Julieta tipo "roll -on" e containers para destino final | E38: =SUM(E39:E44) -> 15827.166 | F38: =E38/$E$49 -> 0.11068688
A39: ='1.5.Destino final'!A27 -> 3.4.1. Depreciação | E39: ='1.5.Destino final'!E27 -> 1582.2173 | F39: =E39/$E$49 -> 0.011065196
A40: ='1.5.Destino final'!A28 -> 3.4.2. Remuneração do Capital | E40: ='1.5.Destino final'!E28 -> 2401.6447 | F40: =E40/$E$49 -> 0.016795841
A41: ='1.5.Destino final'!A29 -> 3.4.3. Impostos e Seguros | E41: ='1.5.Destino final'!E29 -> 772.86242 | F41: =E41/$E$49 -> 0.0054049934
A42: ='1.5.Destino final'!A30 -> 3.4.4. Consumos | E42: ='1.5.Destino final'!E30 -> 8163.3462 | F42: =E42/$E$49 -> 0.057090152
A43: ='1.5.Destino final'!A31 -> 3.4.5. Manutenção | E43: ='1.5.Destino final'!E31 -> 2340.345 | F43: =E43/$E$49 -> 0.016367143
A44: ='1.5.Destino final'!A32 -> 3.4.6. Pneus | E44: ='1.5.Destino final'!E32 -> 566.75029 | F44: =E44/$E$49 -> 0.0039635536
A45: ='1.1.Coleta Organica '!A33 -> 4. Ferramentas e Materiais de Consumo | E45: ='1.1.Coleta Organica '!E33+'1.2. Coleta Seletiva'!E33+'1.4 Central de Triagem'!F201+'1.5.Destino final'!E33 -> 78.878169 | F45: =E45/$E$49 -> 0.00055163245
A46: ='1.1.Coleta Organica '!A34 -> 5. Monitoramento da Frota | E46: ='1.1.Coleta Organica '!E34+'1.2. Coleta Seletiva'!E34+'1.4 Central de Triagem'!F212+'1.5.Destino final'!E34 -> 242.26405 | F46: =E46/$E$49 -> 0.0016942674
A47: ='1.5.Destino final'!A203 -> 6. Deposição no Aterro | E47: ='1.5.Destino final'!E35 -> 17902.133 | F47: =E47/$E$49 -> 0.12519811
A48: ='1.5.Destino final'!A211 -> 7. Benefícios e Despesas Indiretas - BDI | E48: ='1.1.Coleta Organica '!E35+'1.2. Coleta Seletiva'!E35+'1.3.Estação de transbordo'!E16+'1.4 Central de Triagem'!F222+'1.5.Destino final'!E36 -> 26094.713 | F48: =E48/$E$49 -> 0.1824927
A49: PREÇO TOTAL MENSAL COM A COLETA ORGANICA, SELETIVA, TRANSPORTE, ARMAZENAMENTO (ESTAÇÃO DE TRANSBORDO), CLASSIFICAÇÃO/SELEÇÃO, TRANSPORTE E DESTINO FINAL DE RESÍDUOS SÓLIDOS DOMICILIARES | E49: =E11+E19+E20+E45+E46+E47+E48 -> 142990.44 | F49: =E49/$E$49 -> 1
B51: Santa Clara do Sul, 15 de setembro de 2026
A53: Bárbara Herrmann | C53: Débora Herrmann
A54: Contadora CRC/RS 101.655 | C54: Contadora CRC/RS 103.842

Sheet Cronograma
A1: CRONOGRAMA FÍSICO - FINANCEIRO
A3: MUNICÍPIO DE SANTA CLARA DO SUL
A4: =Orçamento!A6 -> COLETA ORGANICA, COLETA SELETIVA, TRANSPORTE, ARMAZENAMENTO (ESTAÇÃO DE TRANSBORDO), CLASSIFICAÇÃO/SELEÇÃO, TRANSPORTE ATÉ O DESTINO FINAL DE RESÍDUOS SÓLIDOS DOMICILIARES
A5: SANTA CLARA DO SUL - RS
A6: ÍTEM | B6: FASE | C6: VALOR ORÇADO | D6: INCID. | E6: REALIZAÇÃO MENSAL
C7: ( R$ ) | D7: ( % ) | E7: 1º MÊS | F7: 2º MÊS | G7: 3º MÊS | H7: 4º MÊS | I7: 5º MÊS | J7: 6º MÊS | K7: 7º MÊS | L7: 8º MÊS | M7: 9º MÊS | N7: 10º MÊS | O7: 11º MÊS | P7: 12º MÊS
A8: 1 | B8: =Orçamento!A11 -> 1. Mão-de-obra | C8: =E8*12 -> 406513.15 | D8: =C8/$C$15 -> 0.2369116 | E8: =Orçamento!E11 -> 33876.095 | F8: =E8 -> 33876.095 | G8: =E8 -> 33876.095 | H8: =E8 -> 33876.095 | I8: =E8 -> 33876.095 | J8: =E8 -> 33876.095 | K8: =E8 -> 33876.095 | L8: =E8 -> 33876.095 | M8: =E8 -> 33876.095 | N8: =E8 -> 33876.095 | O8: =E8 -> 33876.095 | P8: =E8 -> 33876.095
A9: 2 | B9: =Orçamento!A19 -> 2. Uniformes e Equipamentos de Proteção Individual | C9: =E9*12 -> 16419.18 | D9: =C9/$C$15 -> 0.0095689259 | E9: =Orçamento!E19 -> 1368.265 | F9: =E9 -> 1368.265 | G9: =E9 -> 1368.265 | H9: =E9 -> 1368.265 | I9: =E9 -> 1368.265 | J9: =E9 -> 1368.265 | K9: =E9 -> 1368.265 | L9: =E9 -> 1368.265 | M9: =E9 -> 1368.265 | N9: =E9 -> 1368.265 | O9: =E9 -> 1368.265 | P9: =E9 -> 1368.265
A10: 3 | B10: =Orçamento!A20 -> 3. Veículos e Equipamentos | C10: =E10*12 -> 761137.15 | D10: =C10/$C$15 -> 0.44358276 | E10: =Orçamento!E20 -> 63428.096 | F10: =E10 -> 63428.096 | G10: =E10 -> 63428.096 | H10: =E10 -> 63428.096 | I10: =E10 -> 63428.096 | J10: =E10 -> 63428.096 | K10: =E10 -> 63428.096 | L10: =E10 -> 63428.096 | M10: =E10 -> 63428.096 | N10: =E10 -> 63428.096 | O10: =E10 -> 63428.096 | P10: =E10 -> 63428.096
A11: 4 | B11: =Orçamento!A45 -> 4. Ferramentas e Materiais de Consumo | C11: =E11*12 -> 946.53803 | D11: =C11/$C$15 -> 0.00055163245 | E11: =Orçamento!E45 -> 78.878169 | F11: =E11 -> 78.878169 | G11: =E11 -> 78.878169 | H11: =E11 -> 78.878169 | I11: =E11 -> 78.878169 | J11: =E11 -> 78.878169 | K11: =E11 -> 78.878169 | L11: =E11 -> 78.878169 | M11: =E11 -> 78.878169 | N11: =E11 -> 78.878169 | O11: =E11 -> 78.878169 | P11: =E11 -> 78.878169
A12: 5 | B12: =Orçamento!A46 -> 5. Monitoramento da Frota | C12: =E12*12 -> 2907.1686 | D12: =C12/$C$15 -> 0.0016942674 | E12: =Orçamento!E46 -> 242.26405 | F12: =E12 -> 242.26405 | G12: =E12 -> 242.26405 | H12: =E12 -> 242.26405 | I12: =E12 -> 242.26405 | J12: =E12 -> 242.26405 | K12: =E12 -> 242.26405 | L12: =E12 -> 242.26405 | M12: =E12 -> 242.26405 | N12: =E12 -> 242.26405 | O12: =E12 -> 242.26405 | P12: =E12 -> 242.26405
A13: 6 | B13: =Orçamento!A47 -> 6. Deposição no Aterro | C13: =E13*12 -> 214825.6 | D13: =C13/$C$15 -> 0.12519811 | E13: =Orçamento!E47 -> 17902.133 | F13: =E13 -> 17902.133 | G13: =E13 -> 17902.133 | H13: =E13 -> 17902.133 | I13: =E13 -> 17902.133 | J13: =E13 -> 17902.133 | K13: =E13 -> 17902.133 | L13: =E13 -> 17902.133 | M13: =E13 -> 17902.133 | N13: =E13 -> 17902.133 | O13: =E13 -> 17902.133 | P13: =E13 -> 17902.133
A14: 7 | B14: =Orçamento!A48 -> 7. Benefícios e Despesas Indiretas - BDI | C14: =E14*12 -> 313136.55 | D14: =C14/$C$15 -> 0.1824927 | E14: =Orçamento!E48 -> 26094.713 | F14: =E14 -> 26094.713 | G14: =E14 -> 26094.713 | H14: =E14 -> 26094.713 | I14: =E14 -> 26094.713 | J14: =E14 -> 26094.713 | K14: =E14 -> 26094.713 | L14: =E14 -> 26094.713 | M14: =E14 -> 26094.713 | N14: =E14 -> 26094.713 | O14: =E14 -> 26094.713 | P14: =E14 -> 26094.713
B15: =[1]Orçamento!A73 -> TOTAL GERAL DO ORÇAMENTO: | C15: =SUM(C8:C14) -> 1715885.3 | D15: =SUM(D8:D14) -> 1 | E15: =SUM(E8:E14) -> 142990.44 | F15: =SUM(F8:F14) -> 142990.44 | G15: =SUM(G8:G14) -> 142990.44 | H15: =SUM(H8:H14) -> 142990.44 | I15: =SUM(I8:I14) -> 142990.44 | J15: =SUM(J8:J14) -> 142990.44 | ... P15: =SUM(P8:P14) -> 142990.44

Sheet 1.1.Coleta Organica 
A1: Orientações para preenchimento:
A2: 1. Preencher somente células em amarelo
A3: 2. As células azuis deverão ter seus valores preenchidos em outra planilha do arquivo.
A4: MUNICÍPIO DE SANTA CLARA DO SUL
A5: Contadoria
A6: 1.1. Coleta Organica
A7: Planilha de Composição de Custos
A8: A. Para o cálculo foi considerado que, para cada zona de recolhimento, o caminhão partiria do ponto inicial localizado junto ao acesso principal de Santa Clara do Sul, realizaria a rota de coleta e retornaria ao ponto de partida.
A9: B. A distância para o transporte foi considerada a média de três estações de transbordo conforme Projeto Básico.
A10: Distância Média da Estação: | B10: 76,23 km
A11: DMT LOCAL: | B11: 76,23 km
A12: C. Coleta Organica : 1 x 42 km + 1 x 70 + 1x 52,6 x 4 semanas = 658,4 km/mês
A13: D. Deslocamento Coleta Organica : 4 X 2 viagem (ida e volta de 76,23 Km) = 609,84 km x 4 semanas = 2.439,36 km/mês
A14: E. Coleta Organica 658,4 km + Deslocamento Coleta Organica 2.439,36 km = 3.097,76 km/mês
A16: Orçamento Sintético
A17: Descrição do Item | E17: Custo (R$/mês) | F17: %
A18: =A51 -> 1. Mão-de-obra | E18: =SUM(E19:E23) -> 8264.4133 | F18: =IFERROR(E18/$E$36,0) -> 0.22704811
A19: =A53 -> 1.1. Coletor Turno Dia | E19: =F63 -> 4552.2674 | F19: =IFERROR(E19/$E$36,0) -> 0.12506438
A20: =A65 -> 1.2. Motorista Turno do Dia | E20: =F75 -> 2564.2773 | F20: =IFERROR(E20/$E$36,0) -> 0.070448354
A21: =A77 -> 1.5. Vale Transporte | E21: =F83 -> 155.83514 | F21: =IFERROR(E21/$E$36,0) -> 0.0042812566
A22: =A85 -> 1.6. Vale-refeição (diário) | E22: =F90 -> 282 | F22: =IFERROR(E22/$E$36,0) -> 0.007747382
A23: =A92 -> 1.7. Auxílio Alimentação (mensal) | E23: =F96 -> 710.03352 | F23: =IFERROR(E23/$E$36,0) -> 0.019506741
A24: =A100 -> 2. Uniformes e Equipamentos de Proteção Individual | E24: =+F132 -> 333.14664 | F24: =IFERROR(E24/$E$36,0) -> 0.009152533
A25: =A134 -> 3. Veículos e Equipamentos | E25: =F211 -> 20132.513 | F25: =IFERROR(E25/$E$36,0) -> 0.55310026
A26: =A136 -> 3.1. Veículo Coletor Compactador 15 m³(mínimo) | E26: =SUM(E27:E32) -> 20132.513 | F26: =IFERROR(E26/$E$36,0) -> 0.55310026
A27: =A138 -> 3.1.1. Depreciação | E27: =F152 -> 1725.043 | F27: =IFERROR(E27/$E$36,0) -> 0.047392082
A28: =A154 -> 3.1.2. Remuneração do Capital | E28: =F168 -> 2618.4396 | F28: =IFERROR(E28/$E$36,0) -> 0.071936353
A29: =A170 -> 3.1.3. Impostos e Seguros | E29: =F176 -> 786.40536 | F29: =IFERROR(E29/$E$36,0) -> 0.021604903
A30: =A178 -> 3.1.4. Consumos | E30: =F194 -> 11345.546 | F30: =IFERROR(E30/$E$36,0) -> 0.31169602
A31: =A196 -> 3.1.5. Manutenção | E31: =F199 -> 2633.096 | F31: =IFERROR(E31/$E$36,0) -> 0.072339009
A32: =A201 -> 3.1.6. Pneus | E32: =F208 -> 1023.9835 | F32: =IFERROR(E32/$E$36,0) -> 0.028131884
A33: =A213 -> 4. Ferramentas e Materiais de Consumo | E33: =F221 -> 23.505833 | F33: =IFERROR(E33/$E$36,0) -> 0.00064577543
A34: =A223 -> 5. Monitoramento da Frota | E34: =F232 -> 52.5245 | F34: =IFERROR(E34/$E$36,0) -> 0.0014430048
A35: =A236 -> 6. Benefícios e Despesas Indiretas - BDI | E35: =F242 -> 7593.2889 | F35: =IFERROR(E35/$E$36,0) -> 0.20861032
A36: PREÇO TOTAL MENSAL COM A COLETA | E36: =E18+E24+E25+E33+E34+E35 -> 36399.393 | F36: =F18+F24+F25+F33+F34+F35 -> 1
A39: Quantitativos
A40: Mão-de-obra | E40: Quantidade
A41: =+A53 -> 1.1. Coletor Turno Dia | E41: =C62 -> 2
A42: =+A65 -> 1.2. Motorista Turno do Dia | E42: =C74 -> 1
A43: Total de mão-de-obra (postos de trabalho) | E43: =SUM(E41:E42) -> 3
A45: Veículos e Equipamentos | E45: Quantidade
A46: =+A136 -> 3.1. Veículo Coletor Compactador 15 m³(mínimo) | E46: =C151 -> 1
A49: Fator de utilização da frota(FU) | B49: 0.4886 | C49: 2ª 7,5h + 4ª 7h + 6ª 7h = 21,5h /3 = Média diária de 7,1667 horas de coleta (7,1667x3/44)
A51: 1. Mão-de-obra
A53: 1.1. Coletor Turno Dia
A54: Discriminação | B54: Unidade | C54: Quantidade | D54: Custo unitário | E54: Subtotal | F54: Total (R$)
A55: Piso da categoria (2) | B55: mês | C55: 1 | D55: 2082.31 | E55: =C55*D55 -> 2082.31
A56: Salário mínimo nacional (1) | B56: mês | C56: 1 | D56: 1621
A57: Base de cálculo da Insalubridade | C57: 1
A58: Adicional de Insalubridade | B58: % | C58: 40 | D58: =IF(C57=2,SUM(E55:E56),IF(C57=1,(SUM(E55:E56))*D56/D55,0)) -> 1621 | E58: =C58*D58/100 -> 648.4
A59: Soma: | E59: =SUM(E55:E58) -> 2730.71
A60: Encargos Sociais | B60: % | C60: ='2.Encargos Sociais'!$C$35*100 -> 70.595952 | D60: =E59 -> 2730.71 | E60: =D60*C60/100 -> 1927.7707
A61: Total por Coletor: | E61: =E59+E60 -> 4658.4807
A62: Total do Efetivo | B62: homem | C62: 2 | D62: =E61 -> 4658.4807 | E62: =C62*D62 -> 9316.9614
A63: Total (R$) | D63: FU | E63: =$B$49 -> 0.4886 | F63: =E62*E63 -> 4552.2674
A65: 1.2. Motorista Turno do Dia
A66: Discriminação | B66: Unidade | C66: Quantidade | D66: Custo unitário | E66: Subtotal | F66: Total (R$)
A67: Piso da categoria (2) | B67: mês | C67: 1 | D67: 2428 | E67: =C67*D67 -> 2428
A68: Salário mínimo nacional (1) | B68: mês | C68: 1 | D68: 1621
A69: Base de cálculo da Insalubridade | C69: 1
A70: Adicional de Insalubridade | B70: % | C70: 40 | D70: =IF(C69=2,SUM(E67:E68),IF(C69=1,(SUM(E67:E68))*D68/D67,0)) -> 1621 | E70: =C70*D70/100 -> 648.4
A71: Soma: | E71: =SUM(E67:E70) -> 3076.4
A72: Encargos Sociais | B72: % | C72: ='2.Encargos Sociais'!$C$35*100 -> 70.595952 | D72: =E71 -> 3076.4 | E72: =D72*C72/100 -> 2171.8139
A73: Total por Motorista: | E73: =E71+E72 -> 5248.2139
A74: Total do Efetivo | B74: homem | C74: 1 | D74: =E73 -> 5248.2139 | E74: =C74*D74 -> 5248.2139
A75: Total (R$) | D75: FU | E75: =$B$49 -> 0.4886 | F75: =E74*E75 -> 2564.2773
A77: 1.5. Vale Transporte
A78: Discriminação | B78: Unidade | C78: Quantidade | D78: Custo unitário | E78: Subtotal | F78: Total (R$)
A79: Vale Transporte | B79: R$ | C79: 1 | D79: 4.7
A80: Dias Trabalhados por mês | B80: dia | C80: 12
A81: Coletor | B81: vale | C81: =$C$80*2*(C62) -> 48 | D81: =IFERROR((($C$80*2*$D$79)-(E55*0.06*C80/26))/($C$80*2),"-") -> 2.2973346 | E81: =IFERROR(C81*D81,"-") -> 110.27206
A82: Motorista | B82: vale | C82: =$C$80*2*(C74) -> 24 | D82: =IFERROR((($C$80*2*$D$79)-(E67*0.06*C80/26))/($C$80*2),"-") -> 1.8984615 | E82: =IFERROR(C82*D82,"-") -> 45.563077
A83: Total (R$) | F83: =SUM(E81:E82) -> 155.83514
A85: 1.6. Vale-refeição (diário)
A86: Discriminação | B86: Unidade | C86: Quantidade | D86: Custo unitário | E86: Subtotal | F86: Total (R$)
A87: =+A81 -> Coletor | B87: unidade | C87: 24 | D87: 0 | E87: =C87*D87 -> 0
A88: =+A82 -> Motorista | B88: unidade | C88: =C80*(E42) -> 12 | D88: 23.5 | E88: =C88*D88 -> 282
A89: Total do Efetivo | E89: =SUM(E87:E88) -> 282
A90: Total (R$) | F90: =SUM(E89) -> 282
A92: 1.7. Auxílio Alimentação (mensal)
A93: Discriminação | B93: Unidade | C93: Quantidade | D93: Custo unitário | E93: Subtotal | F93: Total (R$)
A94: =+A87 -> Coletor | B94: unidade | C94: =E41 -> 2 | D94: =24*27.15 -> 651.6 | E94: =C94*D94 -> 1303.2
A95: =+A88 -> Motorista | B95: unidade | C95: =E42 -> 1 | D95: 150 | E95: =C95*D95 -> 150
A96: Total (R$) | D96: FU | E96: =$B$49 -> 0.4886 | F96: =SUM(E94:E95)*E96 -> 710.03352
A98: Custo Mensal com Mão-de-obra (R$/mês): | F98: =F96+F90+F83+F75+F63 -> 8264.4133
A100: 2. Uniformes e Equipamentos de Proteção Individual
A102: 2.1. Uniformes e EPI's para Coletor
A104: Discriminação | B104: Unidade | C104: Durabilidade (meses) | D104: Custo unitário | E104: Subtotal | F104: Total (R$)
A105: Jaqueta com refletivo (NBR 15.292) | B105: unidade | C105: 12 | D105: =AVERAGE(285,285,160,285,159.9) -> 234.98 | E105: =IFERROR(D105/C105,0) -> 19.581667
A106: Calça 100% algodão dois bolsos faixa refletiva em cada perna | B106: unidade | C106: 6 | D106: =AVERAGE(74,68.3,59.9,74.9,65.15) -> 68.45 | E106: =IFERROR(D106/C106,0) -> 11.408333
A107: Camiseta 100% algodão sem estampa | B107: unidade | C107: 3 | D107: =AVERAGE(43.9,17.6,43.9,43.9,28.88,43.9,43.9,43.9) -> 38.735 | E107: =IFERROR(D107/C107,0) -> 12.911667
A108: Boné árabe de segurança | B108: unidade | C108: 3 | D108: =AVERAGE(18.9,19.68,23.99,11.31,8.55,13.5) -> 15.988333 | E108: =IFERROR(D108/C108,0) -> 5.3294444
A109: Botina de segurança c/ palmilha aço | B109: par | C109: 3 | D109: =AVERAGE(55.97,52.16,55.97,145.23,119.05) -> 85.676 | E109: =IFERROR(D109/C109,0) -> 28.558667
A110: Meia de algodão com cano alto | B110: par | C110: 2 | D110: =AVERAGE(32/12,14.9/12,20.9,43.27/3,29.99/3) -> 9.8456667 | E110: =IFERROR(D110/C110,0) -> 4.9228333
A111: Capa de chuva amarela com refletivo | B111: unidade | C111: 12 | D111: =AVERAGE(55,59.74,182.74,90.72,121.34) -> 101.908 | E111: =IFERROR(D111/C111,0) -> 8.4923333
A112: Colete refletivo | B112: unidade | C112: 6 | D112: =AVERAGE(19.89,39.85,34.09,24.9,55) -> 34.746 | E112: =IFERROR(D112/C112,0) -> 5.791
A113: Luva de proteção | B113: par | C113: 2 | D113: =AVERAGE(23.9,25.9,12.74,19.9,54.9/5,16.48) -> 18.316667 | E113: =IFERROR(D113/C113,0) -> 9.1583333
A114: Protetor solar FPS 30 | B114: frasco 120g | C114: 1 | D114: =AVERAGE(26.98,39.68,17.24,27.83,35.9) -> 29.526 | E114: =IFERROR(D114/C114,0) -> 29.526
A115: Higienização de uniformes e EPIs | B115: R$ mensal | C115: 1 | D115: 100 | E115: =C115*D115 -> 100
A116: Total do Efetivo | B116: homem | C116: =E41 -> 2 | D116: =+SUM(E105:E115) -> 235.68028 | E116: =C116*D116 -> 471.36056
...

Sheet 1.2. Coleta Seletiva
A1: Orientações para preenchimento:
A2: 1. Preencher somente células em amarelo
A3: 2. As células azuis deverão ter seus valores preenchidos em outra planilha do arquivo.
A4: MUNICÍPIO DE SANTA CLARA DO SUL
A5: Contadoria
A6: 1.2. Coleta seletiva
A7: Planilha de Composição de Custos
A8: A. Para o cálculo foi considerado que, para cada zona de recolhimento, o caminhão partiria do ponto inicial localizado junto ao acesso principal de Santa Clara do Sul, realizaria a rota de coleta e retornaria ao ponto de partida.
A9: B. A distância para o transporte foi considerada a média de três estações de transbordo conforme Projeto Básico.
A10: Distância Média da Estação: | B10: 76,23 km
A11: DMT LOCAL: | B11: 76,23 km
A12: C. Coleta Seletiva urbana e rural : 1 x 112 km + 1 x 45 + 1x 45 x 4 semanas = 808,00 km/mês
A13: D. Deslocamento Coleta Seletiva : 3 X 2 viagem (ida e volta de 76,23 Km) = 457,38 km x 4 semanas = 1.829,52 km/mês
A14: E. Coleta seletiva 808,00 km + Deslocamento Coleta seletiva 1.829,52 km = 2.637,52 km/mês
A16: Orçamento Sintético
A17: Descrição do Item | E17: Custo (R$/mês) | F17: %
A18: =A51 -> 1. Mão-de-obra | E18: =SUM(E19:E23) -> 8083.4057 | F18: =IFERROR(E18/$E$36,0) -> 0.2435277
A19: =A53 -> 1.1. Coletor Turno Dia | E19: =F63 -> 4446.9857 | F19: =IFERROR(E19/$E$36,0) -> 0.13397375
A20: =A66 -> 1.2. Motorista Turno do Dia | E20: =F76 -> 2504.9725 | F20: =IFERROR(E20/$E$36,0) -> 0.075466975
A21: =A78 -> 1.5. Vale Transporte | E21: =F84 -> 155.83514 | F21: =IFERROR(E21/$E$36,0) -> 0.0046948247
A22: =A86 -> 1.6. Vale-refeição (diário) | E22: =F90 -> 282 | F22: =IFERROR(E22/$E$36,0) -> 0.0084957768
A23: =A92 -> 1.7. Auxílio Alimentação (mensal) | E23: =F96 -> 693.61236 | F23: =IFERROR(E23/$E$36,0) -> 0.020896368
A24: =A100 -> 2. Uniformes e Equipamentos de Proteção Individual | E24: =F132 -> 325.44186 | F24: =IFERROR(E24/$E$36,0) -> 0.009804544
A25: =A134 -> 3. Veículos e Equipamentos | E25: =F211 -> 17784.905 | F25: =IFERROR(E25/$E$36,0) -> 0.53580348
A26: =A136 -> 3.1. Veículo Coletor Compactador 15 m³(mínimo) | E26: =SUM(E27:E32) -> 17784.905 | F26: =IFERROR(E26/$E$36,0) -> 0.53580348
A27: =A138 -> 3.1.1. Depreciação | E27: =F152 -> 1685.1474 | F27: =IFERROR(E27/$E$36,0) -> 0.050768214
A28: =A154 -> 3.1.2. Remuneração do Capital | E28: =F168 -> 2557.8821 | F28: =IFERROR(E28/$E$36,0) -> 0.077060977
A29: =A170 -> 3.1.3. Impostos e Seguros | E29: =F176 -> 768.21793 | F29: =IFERROR(E29/$E$36,0) -> 0.023144
A30: =A178 -> 3.1.4. Consumos | E30: =F194 -> 9659.917 | F30: =IFERROR(E30/$E$36,0) -> 0.29102304
A31: =A196 -> 3.1.5. Manutenção | E31: =F199 -> 2241.892 | F31: =IFERROR(E31/$E$36,0) -> 0.067541184
A32: =A201 -> 3.1.6. Pneus | E32: =F208 -> 871.84836 | F32: =IFERROR(E32/$E$36,0) -> 0.026266061
A33: =A213 -> 4. Ferramentas e Materiais de Consumo | E33: =F221 -> 23.505833 | F33: =IFERROR(E33/$E$36,0) -> 0.00070815714
A34: =A223 -> 5. Monitoramento da Frota | E34: =F232 -> 51.30975 | F34: =IFERROR(E34/$E$36,0) -> 0.0015458021
A35: =A236 -> 6. Benefícios e Despesas Indiretas - BDI | E35: =F242 -> 6924.3945 | F35: =IFERROR(E35/$E$36,0) -> 0.20861032
A36: PREÇO TOTAL MENSAL COM A COLETA | E36: =E18+E24+E25+E33+E34+E35 -> 33192.962 | F36: =F18+F24+F25+F33+F34+F35 -> 1
A39: Quantitativos
A40: Mão-de-obra | E40: Quantidade
A41: =+A53 -> 1.1. Coletor Turno Dia | E41: =C62 -> 2
A42: =+A66 -> 1.2. Motorista Turno do Dia | E42: =C75 -> 1
A43: Total de mão-de-obra (postos de trabalho) | E43: =SUM(E41:E42) -> 3
A45: Veículos e Equipamentos | E45: Quantidade
A46: =+A136 -> 3.1. Veículo Coletor Compactador 15 m³(mínimo) | E46: =C151 -> 1
A49: Fator de utilização da frota(FUF) | B49: 0.4773 | C49: 3ª 7h + 5ª 7h + sábado 7h = 21h/3 = Média dária de 7 horas de coleta (7 x 3/44)
A51: 1. Mão-de-obra
A53: 1.1. Coletor Turno Dia
A54: Discriminação | B54: Unidade | C54: Quantidade | D54: Custo unitário | E54: Subtotal | F54: Total (R$)
A55: Piso da categoria (2) | B55: mês | C55: 1 | D55: 2082.31 | E55: =C55*D55 -> 2082.31
A56: Salário mínimo nacional (1) | B56: mês | C56: 1 | D56: 1621
A57: Base de cálculo da Insalubridade | C57: 1
A58: Adicional de Insalubridade | B58: % | C58: 40 | D58: =IF(C57=2,SUM(E55:E56),IF(C57=1,(SUM(E55:E56))*D56/D55,0)) -> 1621 | E58: =C58*D58/100 -> 648.4
A59: Soma: | E59: =SUM(E55:E58) -> 2730.71
A60: Encargos Sociais | B60: % | C60: ='2.Encargos Sociais'!$C$35*100 -> 70.595952 | D60: =E59 -> 2730.71 | E60: =D60*C60/100 -> 1927.7707
A61: Total por Coletor: | E61: =E59+E60 -> 4658.4807
A62: Total do Efetivo | B62: homem | C62: 2 | D62: =E61 -> 4658.4807 | E62: =C62*D62 -> 9316.9614
A63: Total (R$) | D63: FU | E63: =$B$49 -> 0.4773 | F63: =E62*E63 -> 4446.9857
A66: 1.2. Motorista Turno do Dia
A67: Discriminação | B67: Unidade | C67: Quantidade | D67: Custo unitário | E67: Subtotal | F67: Total (R$)
A68: Piso da categoria (2) | B68: mês | C68: 1 | D68: 2428 | E68: =C68*D68 -> 2428
A69: Salário mínimo nacional (1) | B69: mês | C69: 1 | D69: 1621
A70: Base de cálculo da Insalubridade | C70: 1
A71: Adicional de Insalubridade | B71: % | C71: 40 | D71: =IF(C70=2,SUM(E68:E69),IF(C70=1,(SUM(E68:E69))*D69/D68,0)) -> 1621 | E71: =C71*D71/100 -> 648.4
A72: Soma: | E72: =SUM(E68:E71) -> 3076.4
A73: Encargos Sociais | B73: % | C73: ='2.Encargos Sociais'!$C$35*100 -> 70.595952 | D73: =E72 -> 3076.4 | E73: =D73*C73/100 -> 2171.8139
A74: Total por Motorista: | E74: =E72+E73 -> 5248.2139
A75: Total do Efetivo | B75: homem | C75: 1 | D75: =E74 -> 5248.2139 | E75: =C75*D75 -> 5248.2139
A76: Total (R$) | D76: FU | E76: =$B$49 -> 0.4773 | F76: =E75*E76 -> 2504.9725
A78: 1.5. Vale Transporte
A79: Discriminação | B79: Unidade | C79: Quantidade | D79: Custo unitário | E79: Subtotal | F79: Total (R$)
A80: Vale Transporte | B80: R$ | C80: 1 | D80: 4.7
A81: Dias Trabalhados por mês | B81: dia | C81: 12
A82: Coletor | B82: vale | C82: =$C$81*2*(C62) -> 48 | D82: =IFERROR((($C$81*2*$D$80)-(E55*0.06*C81/26))/($C$81*2),"-") -> 2.2973346 | E82: =IFERROR(C82*D82,"-") -> 110.27206
A83: Motorista | B83: vale | C83: =$C$81*2*(C75) -> 24 | D83: =IFERROR((($C$81*2*$D$80)-(E68*0.06*C81/26))/($C$81*2),"-") -> 1.8984615 | E83: =IFERROR(C83*D83,"-") -> 45.563077
A84: Total (R$) | F84: =SUM(E82:E83) -> 155.83514
A86: 1.6. Vale-refeição (diário)
A87: Discriminação | B87: Unidade | C87: Quantidade | D87: Custo unitário | E87: Subtotal | F87: Total (R$)
A88: =+A82 -> Coletor | B88: unidade | C88: =C81*(E41) -> 24 | D88: 0 | E88: =C88*D88 -> 0
A89: =+A83 -> Motorista | B89: unidade | C89: =C81*(E42) -> 12 | D89: 23.5 | E89: =C89*D89 -> 282
A90: Total (R$) | F90: =SUM(E88:E89) -> 282
A92: 1.7. Auxílio Alimentação (mensal)
A93: Discriminação | B93: Unidade | C93: Quantidade | D93: Custo unitário | E93: Subtotal | F93: Total (R$)
A94: =+A88 -> Coletor | B94: unidade | C94: =E41 -> 2 | D94: =24*27.15 -> 651.6 | E94: =C94*D94 -> 1303.2
A95: =+A89 -> Motorista | B95: unidade | C95: =E42 -> 1 | D95: 150 | E95: =C95*D95 -> 150
A96: Total (R$) | D96: FU | E96: =$B$49 -> 0.4773 | F96: =SUM(E94:E95)*E96 -> 693.61236
A98: Custo Mensal com Mão-de-obra (R$/mês): | F98: =F96+F90+F84+F76+F63 -> 8083.4057
A100: 2. Uniformes e Equipamentos de Proteção Individual
A102: 2.1. Uniformes e EPI's para Coletor
A104: Discriminação | B104: Unidade | C104: Durabilidade (meses) | D104: Custo unitário | E104: Subtotal | F104: Total (R$)
A105: Jaqueta com refletivo (NBR 15.292) | B105: unidade | C105: 12 | D105: =AVERAGE(285,285,160,285,159.9) -> 234.98 | E105: =IFERROR(D105/C105,0) -> 19.581667
A106: Calça 100% algodão dois bolsos faixa refletiva em cada perna | B106: unidade | C106: 6 | D106: =AVERAGE(74,68.3,59.9,74.9,65.15) -> 68.45 | E106: =IFERROR(D106/C106,0) -> 11.408333
A107: Camiseta 100% algodão sem estampa | B107: unidade | C107: 3 | D107: =AVERAGE(43.9,17.6,43.9,43.9,28.88,43.9,43.9,43.9) -> 38.735 | E107: =IFERROR(D107/C107,0) -> 12.911667
A108: Boné árabe de segurança | B108: unidade | C108: 3 | D108: =AVERAGE(18.9,19.68,23.99,11.31,8.55,13.5) -> 15.988333 | E108: =IFERROR(D108/C108,0) -> 5.3294444
A109: Botina de segurança c/ palmilha aço | B109: par | C109: 3 | D109: =AVERAGE(55.97,52.16,55.97,145.23,119.05) -> 85.676 | E109: =IFERROR(D109/C109,0) -> 28.558667
A110: Meia de algodão com cano alto | B110: par | C110: 2 | D110: =AVERAGE(32/12,14.9/12,20.9,43.27/3,29.99/3) -> 9.8456667 | E110: =IFERROR(D110/C110,0) -> 4.9228333
A111: Capa de chuva amarela com refletivo | B111: unidade | C111: 12 | D111: =AVERAGE(55,59.74,182.74,90.72,121.34) -> 101.908 | E111: =IFERROR(D111/C111,0) -> 8.4923333
A112: Colete refletivo | B112: unidade | C112: 6 | D112: =AVERAGE(19.89,39.85,34.09,24.9,55) -> 34.746 | E112: =IFERROR(D112/C112,0) -> 5.791
A113: Luva de proteção | B113: par | C113: 2 | D113: =AVERAGE(23.9,25.9,12.74,19.9,54.9/5,16.48) -> 18.316667 | E113: =IFERROR(D113/C113,0) -> 9.1583333
A114: Protetor solar FPS 30 | B114: frasco 120g | C114: 1 | D114: =AVERAGE(26.98,39.68,17.24,27.83,35.9) -> 29.526 | E114: =IFERROR(D114/C114,0) -> 29.526
A115: Higienização de uniformes e EPIs | B115: R$ mensal | C115: 1 | D115: 100 | E115: =C115*D115 -> 100
A116: Total do Efetivo | B116: homem | C116: =E41 -> 2 | D116: =+SUM(E105:E115) -> 235.68028 | E116: =C116*D116 -> 471.36056
A117: Total (R$) | D117: FU | E117: =$B$49 -> 0.4773 | F117: =E116*E117 -> 224.98039
...

Sheet 1.3.Estação de transbordo
A1: Orientações para preenchimento:
A2: 1. Preencher somente células em amarelo
A3: 2. As células azuis deverão ter seus valores preenchidos em outra planilha do arquivo.
A4: MUNICÍPIO DE SANTA CLARA DO SUL
A5: Contadoria
A6: 1.3. Estaçaõ de Transbordo
A7: Planilha de Composição de Custos
A8: Mão de obra: O motorista envolvido na operação foi considerado junto a coleta Organica e Coleta Seletiva e o tempo estimado para o transporte computado no quadro de freqüências.
A10: 0
A11: Descrição do Item | E11: Custo (R$/mês) | F11: %
A12: =A28 -> 3. Veículos e Equipamentos | E12: =F55 -> 957.34683 | F12: =IFERROR(E12/$E$17,0) -> 0.79138968
A13: =A30 -> 3.2. Estacão de transbordo | E13: =SUM(E14:E15) -> 957.34683 | F13: =IFERROR(E13/$E$17,0) -> 0.79138968
A14: =A32 -> 3.2.1. Depreciação | E14: =F41 -> 380.21667 | F14: =IFERROR(E14/$E$17,0) -> 0.31430568
A15: =A43 -> 3.2.2. Remuneração do Capital | E15: =F52 -> 577.13017 | F15: =IFERROR(E15/$E$17,0) -> 0.477084
A16: =A60 -> 6. Benefícios e Despesas Indiretas - BDI | E16: =+F66 -> 252.35663 | F16: =IFERROR(E16/$E$17,0) -> 0.20861032
A17: PREÇO TOTAL MENSAL COM O TRANSBORDO | E17: =E12+E16 -> 1209.7035 | F17: =F12+F16 -> 1
A20: 3. Veículos e Equipamentos
A22: =+A30 -> 3.2. Estacão de transbordo | E22: =C40 -> 1
A25: Fator de utilização da frota(FUF) | B25: 1 | C25: Considerando 8 horas semanais (8/44)
A28: 3. Veículos e Equipamentos
A30: 3.2. Estacão de transbordo
A32: 3.2.1. Depreciação
A33: Discriminação | B33: Unidade | C33: Quantidade | D33: Custo unitário | E33: Subtotal | F33: Total (R$)
A34: Custo de aquisição do container de no mínimo 32m³ | B34: unidade | C34: 2 | D34: 35000 | E34: =C34*D34 -> 70000
A35: Vida útil do container | B35: anos | C35: 10
A36: Idade do container | B36: anos | C36: 0
A37: Depreciação do container | B37: % | C37: =IFERROR(VLOOKUP(C35,'5. Depreciação'!A4:B18,2,FALSE),0) -> 65.18 | D37: =E34 -> 70000 | E37: =C37*D37/100 -> 45626
A38: Depreciação mensal do container | B38: mês | C38: =C35*12 -> 120 | D38: =IF(C36<=C35,E37,0) -> 45626 | E38: =IFERROR(D38/C38,0) -> 380.21667
A39: Total por unidade | E39: =E38 -> 380.21667
A40: Total da estação de transbordo | B40: unidade | C40: 1 | D40: =E39 -> 380.21667 | E40: =C40*D40 -> 380.21667
A41: =F33 -> Total (R$) | D41: FU | E41: =$B$25 -> 1 | F41: =(E40*E41) -> 380.21667
A43: 3.2.2. Remuneração do Capital
A44: Discriminação | B44: Unidade | C44: Quantidade | D44: Custo unitário | E44: Subtotal | F44: Total (R$)
A45: Custo do container | B45: unidade | C45: 2 | D45: =D34 -> 35000 | E45: =C45*D45 -> 70000
A46: Taxa de juros anual nominal | B46: % | C46: 14
A47: Valor do equipamento proposto (V0) | B47: R$ | C47: =IFERROR(IF(C36<=C35,E34-(C37/(100*C35)*C36)*E34,E34-E37),0) -> 70000
A48: Investimento médio total do container | B48: R$ | C48: =IFERROR(IF(C36>=C35,C47,((((C47)-(E34-E37))*(((C35-C36)+1)/(2*(C35-C36))))+(E34-E37))),0) -> 49468.3
A49: Remuneração mensal de capital do container | B49: R$ | D49: =C46*C48/12/100 -> 577.13017 | E49: =D49 -> 577.13017
A50: Total por unidade | E50: =E49 -> 577.13017
A51: =A40 -> Total da estação de transbordo | B51: unidade | C51: =C40 -> 1 | D51: =E50 -> 577.13017 | E51: =C51*D51 -> 577.13017
A52: =F44 -> Total (R$) | D52: FU | E52: =$B$25 -> 1 | F52: =(E51*E52) -> 577.13017
A55: Custo Mensal com Veículos e Equipamentos (R$/mês) | F55: =+SUM(F34:F54) -> 957.34683
A58: CUSTO TOTAL MENSAL COM DESPESAS OPERACIONAIS (R$/mês) | F58: =F55 -> 957.34683
A60: 6. Benefícios e Despesas Indiretas - BDI
A62: Discriminação | B62: Unidade | C62: Quantidade | D62: Custo unitário | E62: Subtotal | F62: Total (R$)
A63: Benefícios e despesas indiretas | B63: % | C63: ='4.BDI'!B14*100 -> 26.36 | D63: =+F58 -> 957.34683 | E63: =C63*D63/100 -> 252.35663
A64: =F62 -> Total (R$) | F64: =+E63 -> 252.35663
A66: CUSTO MENSAL COM BDI (R$/mês) | F66: =F64 -> 252.35663
A69: PREÇO MENSAL TOTAL (R$/mês) | F69: =+F58+F66 -> 1209.7035
A71: Quantidade média de resíduos coletados por mês: | D71: 0 | E71: toneladas
A73: PREÇO POR TONELADA COLETADA: [A/B] | E73: R$/tonelada | F73: =IFERROR(F69/D71,"-") -> -

Sheet 1.4 Central de Triagem
A1: Orientações para preenchimento:
A2: 1. Preencher somente células em amarelo
A3: 2. As células azuis deverão ter seus valores preenchidos em outra planilha do arquivo.
A4: MUNICÍPIO DE SANTA CLARA DO SUL
A5: Contadoria
A6: 1.4 Central de Triagem
A7: Planilha de Composição de Custos
A9: Orçamento Sintético
A10: Descrição do Item | E10: Custo (R$/mês) | F10: %
A11: =A45 -> 1. Mão-de-obra | E11: =SUM(E12:E16) -> 15815.045 | F11: =IFERROR(E11/$E$29,0) -> 0.49406782
A12: =A47 -> 1.3. Reciclador Turno do Dia | E12: =F57 -> 8924.5225 | F12: =IFERROR(E12/$E$29,0) -> 0.27880536
A13: =A59 -> 1.4. Operador Turno do Dia | E13: =F69 -> 4988.908 | F13: =IFERROR(E13/$E$29,0) -> 0.15585532
A14: =A71 -> 1.5. Vale Transporte | E14: =F77 -> 166.41471 | F14: =IFERROR(E14/$E$29,0) -> 0.0051988566
A15: =A79 -> 1.6. Vale-refeição (diário) | E15: =F83 -> 282 | F15: =IFERROR(E15/$E$29,0) -> 0.0088097836
A16: =A85 -> 1.7. Auxílio Alimentação (mensal) | E16: =F89 -> 1453.2 | F16: =IFERROR(E16/$E$29,0) -> 0.045398502
A17: =A93 -> 2. Uniformes e Equipamentos de Proteção Individual | E17: =F123 -> 656.36222 | F17: =IFERROR(E17/$E$29,0) -> 0.020504997
A18: =A125 -> 3. Veículos e Equipamentos | E18: =SUM(F191) -> 8726.165 | F18: =IFERROR(E18/$E$29,0) -> 0.2726086
A19: =A127 -> 3.3. Retroescavadeira | E19: =SUM(E20:E25) -> 8726.165 | F19: =IFERROR(E19/$E$29,0) -> 0.2726086
A20: =A129 -> 3.3.1. Depreciação | E20: =SUM(F138) -> 2064.0333 | F20: =IFERROR(E20/$E$29,0) -> 0.064481159
A21: =A140 -> 3.3.2. Remuneração do Capital | E21: =SUM(F149) -> 4433.3333 | F21: =IFERROR(E21/$E$29,0) -> 0.13849896
A22: =A151 -> 3.3.3. Impostos e Seguros | E22: =SUM(F155) -> 333.33333 | F22: =IFERROR(E22/$E$29,0) -> 0.010413456
A23: =A157 -> 3.3.4. Consumos | E23: =SUM(F173) -> 1299.815 | F23: =IFERROR(E23/$E$29,0) -> 0.040606698
A24: =A175 -> 3.3.5. Manutenção | E24: =SUM(F178) -> 268.4 | F24: =IFERROR(E24/$E$29,0) -> 0.0083849146
A25: =A180 -> 3.3.6. Pneus | E25: =SUM(F189) -> 327.25 | F25: =IFERROR(E25/$E$29,0) -> 0.01022341
A26: =A193 -> 4. Ferramentas e Materiais de Consumo | E26: =+F201 -> 23.505833 | F26: =IFERROR(E26/$E$29,0) -> 0.00073433087
A27: =A203 -> 5. Monitoramento da Frota | E27: =+F212 -> 111.20005 | F27: =IFERROR(E27/$E$29,0) -> 0.0034739304
A28: =A216 -> 6. Benefícios e Despesas Indiretas - BDI | E28: =+F222 -> 6677.5886 | F28: =IFERROR(E28/$E$29,0) -> 0.20861032
A29: PREÇO TOTAL MENSAL COM CENTRAL DE TRIAGEM | E29: =SUM(E11+E17+E18+E26+E27+E28) -> 32009.867 | F29: =IFERROR(E29/$E$29,0) -> 1
A32: Quantitativos
A33: Mão-de-obra | E33: Quantidade
A34: 1.3. Reciclador Turno do Dia | E34: 2
A35: =+A59 -> 1.4. Operador Turno do Dia | E35: 1
A36: Total de mão-de-obra (postos de trabalho) | E36: =SUM(E34:E35) -> 3
A38: Veículos e Equipamentos | E38: Quantidade
A39: Equipamento Prensa | E39: 1
A40: Maquina Retroescavadeira | E40: 1
A43: Fator de utilização (FU) | B43: 1
A45: 1. Mão-de-obra
A47: 1.3. Reciclador Turno do Dia
A48: Discriminação | B48: Unidade | C48: Quantidade | D48: Custo unitário | E48: Subtotal | F48: Total (R$)
A49: Piso da categoria (2) | B49: mês | C49: 1 | D49: 1967.29 | E49: =C49*D49 -> 1967.29
A50: Salário mínimo nacional (1) | B50: mês | C50: 1 | D50: 1621
A51: Base de cálculo da Insalubridade | C51: 1
A52: Adicional de Insalubridade | B52: % | C52: 40 | D52: =IF(C51=2,SUM(E49:E50),IF(C51=1,(SUM(E49:E50))*D50/D49,0)) -> 1621 | E52: =C52*D52/100 -> 648.4
A53: Soma: | E53: =SUM(E49:E52) -> 2615.69
A54: Encargos Sociais | B54: % | C54: ='2.Encargos Sociais'!$C$35*100 -> 70.595952 | D54: =E53 -> 2615.69 | E54: =D54*C54/100 -> 1846.5713
A55: Total por Reciclador: | E55: =E53+E54 -> 4462.2613
A56: Total do Efetivo | B56: homem | C56: 2 | D56: =E55 -> 4462.2613 | E56: =C56*D56 -> 8924.5225
A57: Total (R$) | D57: FU | E57: =$B$43 -> 1 | F57: =E56*E57 -> 8924.5225
A59: 1.4. Operador Turno do Dia
A60: Discriminação | B60: Unidade | C60: Quantidade | D60: Custo unitário | E60: Subtotal | F60: Total (R$)
A61: Piso da categoria (2) | B61: mês | C61: 1 | D61: 2276 | E61: =C61*D61 -> 2276
A62: Salário mínimo nacional (1) | B62: mês | C62: 1 | D62: 1621
A63: Base de cálculo da Insalubridade | C63: 1
A64: Adicional de Insalubridade | B64: % | C64: 40 | D64: =IF(C63=2,SUM(E61:E62),IF(C63=1,(SUM(E61:E62))*D62/D61,0)) -> 1621 | E64: =C64*D64/100 -> 648.4
A65: Soma: | E65: =SUM(E61:E64) -> 2924.4
A66: Encargos Sociais | B66: % | C66: ='2.Encargos Sociais'!$C$35*100 -> 70.595952 | D66: =E65 -> 2924.4 | E66: =D66*C66/100 -> 2064.508
A67: Total por Operador: | E67: =E65+E66 -> 4988.908
A68: Total do Efetivo | B68: homem | C68: 1 | D68: =E67 -> 4988.908 | E68: =C68*D68 -> 4988.908
A69: Total (R$) | D69: FU | E69: =$B$43 -> 1 | F69: =E68*E69 -> 4988.908
A71: 1.5. Vale Transporte
A72: Discriminação | B72: Unidade | C72: Quantidade | D72: Custo unitário | E72: Subtotal | F72: Total (R$)
A73: Vale Transporte | B73: R$ | C73: 1 | D73: 4.7
A74: Dias Trabalhados por mês | B74: dia | C74: 12
A75: Reciclador | B75: vale | C75: =$C$74*2*(C56) -> 48 | D75: =IFERROR((($C$74*2*$D$73)-(E49*0.06*C74/26))/($C$74*2),"-") -> 2.43005 | E75: =IFERROR(C75*D75,"-") -> 116.6424
A76: Operador | B76: vale | C76: =$C$74*2*(C68) -> 24 | D76: =IFERROR((($C$74*2*$D$73)-(E61*0.06*C74/26))/($C$74*2),"-") -> 2.0738462 | E76: =IFERROR(C76*D76,"-") -> 49.772308
A77: Total (R$) | F77: =SUM(E75:E76) -> 166.41471
A79: 1.6. Vale-refeição (diário)
A80: Discriminação | B80: Unidade | C80: Quantidade | D80: Custo unitário | E80: Subtotal | F80: Total (R$)
A81: =+A75 -> Reciclador | B81: unidade | C81: =C74*(E34) -> 24 | D81: 0 | E81: =C81*D81 -> 0
A82: =+A76 -> Operador | B82: unidade | C82: =C74*(E35) -> 12 | D82: 23.5 | E82: =C82*D82 -> 282
A83: Total (R$) | F83: =SUM(E81:E82) -> 282
A85: 1.7. Auxílio Alimentação (mensal)
A86: Discriminação | B86: Unidade | C86: Quantidade | D86: Custo unitário | E86: Subtotal | F86: Total (R$)
A87: =+A81 -> Reciclador | B87: unidade | C87: =E34 -> 2 | D87: =24*27.15 -> 651.6 | E87: =C87*D87 -> 1303.2
A88: =+A82 -> Operador | B88: unidade | C88: 1 | D88: 150 | E88: =C88*D88 -> 150
A89: Total (R$) | D89: FU | E89: =$B$43 -> 1 | F89: =SUM(E87:E88)*E89 -> 1453.2
A91: Custo Mensal com Mão-de-obra (R$/mês): | F91: =F89+F83+F77+F69+F57 -> 15815.045
A93: 2. Uniformes e Equipamentos de Proteção Individual
A95: 2.1. Uniformes e EPIs para Reciclador
A97: Discriminação | B97: Unidade | C97: Durabilidade (meses) | D97: Custo unitário | E97: Subtotal | F97: Total (R$)
A98: Jaqueta com refletivo (NBR 15.292) | B98: unidade | C98: 12 | D98: =AVERAGE(285,285,160,285,159.9) -> 234.98 | E98: =IFERROR(D98/C98,0) -> 19.581667
A99: Calça 100% algodão dois bolsos faixa refletiva em cada perna | B99: unidade | C99: 6 | D99: =AVERAGE(74,68.3,59.9,74.9,65.15) -> 68.45 | E99: =IFERROR(D99/C99,0) -> 11.408333
A100: Camiseta 100% algodão sem estampa | B100: unidade | C100: 3 | D100: =AVERAGE(43.9,17.6,43.9,43.9,28.88,43.9,43.9,43.9) -> 38.735 | E100: =IFERROR(D100/C100,0) -> 12.911667
A101: Boné árabe de segurança | B101: unidade | C101: 3 | D101: =AVERAGE(18.9,19.68,23.99,11.31,8.55,13.5) -> 15.988333 | E101: =IFERROR(D101/C101,0) -> 5.3294444
A102: Botina de segurança c/ palmilha aço | B102: par | C102: 3 | D102: =AVERAGE(55.97,52.16,55.97,145.23,119.05) -> 85.676 | E102: =IFERROR(D102/C102,0) -> 28.558667
A103: Meia de algodão com cano alto | B103: par | C103: 2 | D103: =AVERAGE(32/12,14.9/12,20.9,43.27/3,29.99/3) -> 9.8456667 | E103: =IFERROR(D103/C103,0) -> 4.9228333
A104: Colete refletivo | B104: unidade | C104: 6 | D104: =AVERAGE(19.89,39.85,34.09,24.9,55) -> 34.746 | E104: =IFERROR(D104/C104,0) -> 5.791
A105: Luva de proteção | B105: par | C105: 2 | D105: =AVERAGE(23.9,25.9,12.74,19.9,54.9/5,16.48) -> 18.316667 | E105: =IFERROR(D105/C105,0) -> 9.1583333
A106: Protetor solar FPS 30 | B106: frasco 120g | C106: 1 | D106: =AVERAGE(26.98,39.68,17.24,27.83,35.9) -> 29.526 | E106: =IFERROR(D106/C106,0) -> 29.526
A107: Higienização de uniformes e EPIs | B107: R$ mensal | C107: 1 | D107: 100 | E107: =C107*D107 -> 100
A108: Total do Efetivo | B108: homem | C108: =E34 -> 2 | D108: =+SUM(E98:E107) -> 227.18794 | E108: =C108*D108 -> 454.37589
A109: Total (R$) | D109: FU | E109: =$B$43 -> 1 | F109: =E108*E109 -> 454.37589
A111: 2.2. Uniformes e EPI's para demais categorias
A113: Discriminação | B113: Unidade | C113: Durabilidade (meses) | D113: Custo unitário | E113: Subtotal | F113: Total (R$)
A114: Jaqueta com refletivo (NBR 15.292) | B114: unidade | C114: 12 | D114: =AVERAGE(285,285,160,285,159.9) -> 234.98 | E114: =IFERROR(D114/C114,0) -> 19.581667
A115: Calça 100% algodão dois bolsos faixa refletiva em cada perna | B115: unidade | C115: 6 | D115: =AVERAGE(74,68.3,59.9,74.9,65.15) -> 68.45 | E115: =IFERROR(D115/C115,0) -> 11.408333
A116: Camiseta 100% algodão sem estampa | B116: unidade | C116: 3 | D116: =AVERAGE(43.9,17.6,43.9,43.9,28.88,43.9,43.9,43.9) -> 38.735 | E116: =IFERROR(D116/C116,0) -> 12.911667
A117: Botina de segurança c/ palmilha aço | B117: par | C117: 3 | D117: =AVERAGE(55.97,52.16,55.97,145.23,119.05) -> 85.676 | E117: =IFERROR(D117/C117,0) -> 28.558667
A118: Protetor solar FPS 30 | B118: frasco 120g | C118: 1 | D118: =AVERAGE(26.98,39.68,17.24,27.83,35.9) -> 29.526 | E118: =IFERROR(D118/C118,0) -> 29.526
...

Sheet 1.5.Destino final
A1: Orientações para preenchimento:
A2: 1. Preencher somente células em amarelo
A3: 2. As células azuis deverão ter seus valores preenchidos em outra planilha do arquivo.
A4: MUNICÍPIO DE SANTA CLARA DO SUL
A5: Contadoria
A6: 1.5. Transporte para Destino final
A7: Planilha de Composição de Custos
A8: A. Foram consideradas 4,58 viagens de ida/volta para o aterro sanitário por mês
A9: B. A distância de transporte considerada foi a média de 3 aterros sanitários constante no Projeto Básico.
A10: DMT aterro Candiota : | B10: 243,33 km
A11: Média: | B11: 243,33 km
A12: C. 4,58 viagens/mês x (243,33km ida + 243,33km volta) x 4,58 mes = 2.228,90 km/mês
A13: D. Mão de obra: 2.228,9km/mês / 40km/hora = 55,72 horas/mês viagens = 55,72 horas/mês
A14: Considerando que serão utilizadas 55,72 horas mensais de mão de obra para o transporte, temos um fator de utilização de 25,33% para o presente.
A17: Orçamento Sintético
A18: Descrição do Item | E18: Custo (R$/mês) | F18: %
A19: =A53 -> 1. Mão-de-obra | E19: =SUM(E20:E23) -> 1713.2312 | F19: =IFERROR(E19/$E$37,0) -> 0.042640478
A20: =A56 -> 1.2. Motorista Turno do Dia | E20: =F66 -> 1562.4362 | F20: =IFERROR(E20/$E$37,0) -> 0.038887353
A21: =A69 -> 1.5. Vale Transporte | E21: =F74 -> 65.8 | F21: =IFERROR(E21/$E$37,0) -> 0.001637691
A22: =A76 -> 1.6. Vale-refeição (diário) | E22: =F79 -> 47 | F22: =IFERROR(E22/$E$37,0) -> 0.0011697793
A23: =A81 -> 1.7. Auxílio Alimentação (mensal) | E23: =F84 -> 37.995 | F23: =IFERROR(E23/$E$37,0) -> 0.00094565456
A24: =A88 -> 2. Uniformes e Equipamentos de Proteção Individual | E24: =F103 -> 53.314246 | F24: =IFERROR(E24/$E$37,0) -> 0.0013269341
A25: =A105 -> 3. Veículos e Equipamentos | E25: =F181 -> 15827.166 | F25: =IFERROR(E25/$E$37,0) -> 0.39392109
A26: =A107 -> 3.4. Conjunto com Romeu e Julieta tipo "roll -on" e containers para destino final | E26: =SUM(E27:E32) -> 15827.166 | F26: =IFERROR(E26/$E$37,0) -> 0.39392109
A27: =A109 -> 3.4.1. Depreciação | E27: =F123 -> 1582.2173 | F27: =IFERROR(E27/$E$37,0) -> 0.039379683
A28: =A125 -> 3.4.2. Remuneração do Capital | E28: =F139 -> 2401.6447 | F28: =IFERROR(E28/$E$37,0) -> 0.059774347
A29: =A141 -> 3.4.3. Impostos e Seguros | E29: =F147 -> 772.86242 | F29: =IFERROR(E29/$E$37,0) -> 0.019235712
A30: =A149 -> 3.4.4. Consumos | E30: =F165 -> 8163.3462 | F30: =IFERROR(E30/$E$37,0) -> 0.20317688
A31: =A167 -> 3.4.5. Manutenção | E31: =F170 -> 2340.345 | F31: =IFERROR(E31/$E$37,0) -> 0.058248662
A32: =A171 -> 3.4.6. Pneus | E32: =F178 -> 566.75029 | F32: =IFERROR(E32/$E$37,0) -> 0.014105803
A33: =A183 -> 4. Ferramentas e Materiais de Consumo | E33: =F190 -> 8.3606691 | F33: =IFERROR(E33/$E$37,0) -> 0.00020808804
A34: =A192 -> 5. Monitoramento da Frota | E34: =F201 -> 27.22975 | F34: =IFERROR(E34/$E$37,0) -> 0.0006777191
A35: =A203 -> 6. Deposição no Aterro | E35: =F207 -> 17902.133 | F35: =IFERROR(E35/$E$37,0) -> 0.44556479
A36: =A211 -> 7. Benefícios e Despesas Indiretas - BDI | E36: =F218 -> 4647.084 | F36: =IFERROR(E36/$E$37,0) -> 0.11566091
A37: PREÇO TOTAL MENSAL COM O DESTINO FINAL | E37: =E19+E24+E25+E33+E34+E36+E35 -> 40178.519 | F37: =F19+F25+F33+F34+F35+F36 -> 0.99867307
A39: PREÇO TOTAL MENSAL DO TRANSPORTE C/BDI | E39: =D214+E214 -> 22276.386 | F39: =E39/E37 -> 0.55443521
A40: PREÇO TOTAL MENSAL DA DESTINAÇÃO SEM BDI | E40: =F207+E215 -> 17902.133 | F40: =E40/E37 -> 0.44556479
A42: Quantitativos
A43: Mão-de-obra | E43: Quantidade
A44: =+A56 -> 1.2. Motorista Turno do Dia | E44: =C65 -> 1
A45: Total de mão-de-obra (estação de transbordo) | E45: =SUM(E44:E44) -> 1
A47: Veículos e Equipamentos | E47: Quantidade
A48: =+A107 -> 3.4. Conjunto com Romeu e Julieta tipo "roll -on" e containers para destino final | E48: =C122 -> 1
A51: Fator de utilização da frota(FUF) | B51: 0.2533
A53: 1. Mão-de-obra
A56: 1.2. Motorista Turno do Dia
A57: Discriminação | B57: Unidade | C57: Quantidade | D57: Custo unitário | E57: Subtotal | F57: Total (R$)
A58: Piso da categoria (2) | B58: mês | C58: 1 | D58: 2967.35 | E58: =C58*D58 -> 2967.35
A59: Salário mínimo nacional (1) | B59: mês | C59: 1 | D59: 1621
A60: Base de cálculo da Insalubridade | C60: 1
A61: Adicional de Insalubridade | B61: % | C61: 40 | D61: =IF(C60=2,SUM(E58:E59),IF(C60=1,(SUM(E58:E59))*D59/D58,0)) -> 1621 | E61: =C61*D61/100 -> 648.4
A62: Soma: | E62: =SUM(E58:E61) -> 3615.75
A63: Encargos Sociais | B63: % | C63: ='2.Encargos Sociais'!$C$35*100 -> 70.595952 | D63: =E62 -> 3615.75 | E63: =D63*C63/100 -> 2552.5731
A64: Total por Motorista: | E64: =E62+E63 -> 6168.3231
A65: Total do Efetivo | B65: homem | C65: 1 | D65: =E64 -> 6168.3231 | E65: =C65*D65 -> 6168.3231
A66: =F57 -> Total (R$) | D66: FU | E66: =$B$51 -> 0.2533 | F66: =E65*E66 -> 1562.4362
A69: 1.5. Vale Transporte
A70: Discriminação | B70: Unidade | C70: Quantidade | D70: Custo unitário | E70: Subtotal | F70: Total (R$)
A71: Vale Transporte | B71: R$ | C71: 1 | D71: 4.7
A72: Dias Trabalhados por mês | B72: dia | C72: 7
A73: Motorista | B73: vale | C73: =$C$72*2*(C65) -> 14 | D73: =SUM(D71) -> 4.7 | E73: =IFERROR(C73*D73,"-") -> 65.8
A74: =F70 -> Total (R$) | F74: =SUM(E73:E73) -> 65.8
A76: 1.6. Vale-refeição (diário)
A77: Discriminação | B77: Unidade | C77: Quantidade | D77: Custo unitário | E77: Subtotal | F77: Total (R$)
A78: =+A73 -> Motorista | B78: unidade | C78: 2 | D78: 23.5 | E78: =C78*D78 -> 47
A79: =F77 -> Total (R$) | F79: =SUM(E78:E78) -> 47
A81: 1.7. Auxílio Alimentação (mensal)
A82: Discriminação | B82: Unidade | C82: Quantidade | D82: Custo unitário | E82: Subtotal | F82: Total (R$)
A83: =+A78 -> Motorista | B83: unidade | C83: =E44 -> 1 | D83: 150 | E83: =C83*D83 -> 150
A84: =F82 -> Total (R$) | D84: FU | E84: =$B$51 -> 0.2533 | F84: =SUM(E83:E83)*E84 -> 37.995
A86: Custo Mensal com Mão-de-obra (R$/mês): | F86: =F84+F79+F74+F66 -> 1713.2312
A88: 2. Uniformes e Equipamentos de Proteção Individual
A90: 2.1. Uniformes e EPI's
A92: Discriminação | B92: Unidade | C92: Durabilidade (meses) | D92: Custo unitário | E92: Subtotal | F92: Total (R$)
A93: Jaqueta com refletivo (NBR 15.292) | B93: unidade | C93: 12 | D93: =AVERAGE(285,285,160,285,159.9) -> 234.98 | E93: =IFERROR(D93/C93,0) -> 19.581667
A94: Calça 100% algodão dois bolsos faixa refletiva em cada perna | B94: unidade | C94: 6 | D94: =AVERAGE(74,68.3,59.9,74.9,65.15) -> 68.45 | E94: =IFERROR(D94/C94,0) -> 11.408333
A95: Camiseta 100% algodão sem estampa | B95: unidade | C95: 3 | D95: =AVERAGE(43.9,17.6,43.9,43.9,28.88,43.9,43.9,43.9) -> 38.735 | E95: =IFERROR(D95/C95,0) -> 12.911667
A96: Botina de segurança c/ palmilha aço | B96: par | C96: 3 | D96: =AVERAGE(55.97,52.16,55.97,145.23,119.05) -> 85.676 | E96: =IFERROR(D96/C96,0) -> 28.558667
A97: Capa de chuva amarela com refletivo | B97: unidade | C97: 12 | D97: =AVERAGE(55,59.74,182.74,90.72,121.34) -> 101.908 | E97: =IFERROR(D97/C97,0) -> 8.4923333
A98: Protetor solar FPS 30 | B98: frasco 120g | C98: 1 | D98: =AVERAGE(26.98,39.68,17.24,27.83,35.9) -> 29.526 | E98: =IFERROR(D98/C98,0) -> 29.526
A99: Higienização de uniformes e EPIs | B99: R$ mensal | C99: 1 | D99: 100 | E99: =C99*D99 -> 100
A100: Total do Efetivo | B100: homem | C100: =E44 -> 1 | D100: =+SUM(E93:E99) -> 210.47867 | E100: =C100*D100 -> 210.47867
A101: =F92 -> Total (R$) | D101: FU | E101: =$B$51 -> 0.2533 | F101: =E100*E101 -> 53.314246
A103: Custo Mensal com Uniformes e EPIs (R$/mês) | F103: =+F88+F101 -> 53.314246
A105: 3. Veículos e Equipamentos
A107: 3.4. Conjunto com Romeu e Julieta tipo "roll -on" e containers para destino final
A109: 3.4.1. Depreciação
A110: Discriminação | B110: Unidade | C110: Quantidade | D110: Custo unitário | E110: Subtotal | F110: Total (R$)
A111: Custo de aquisição do chassis Romeu | B111: unidade | C111: 1 | D111: 800000 | E111: =C111*D111 -> 800000
A112: Vida útil do veículo | B112: anos | C112: 10
A113: Idade do veículo | B113: anos | C113: 0
A114: Depreciação do veículo | B114: % | C114: =IFERROR(VLOOKUP(C112,'5. Depreciação'!A4:B18,2,FALSE),0) -> 65.18 | D114: =E111 -> 800000 | E114: =C114*D114/100 -> 521440
A115: Depreciação mensal do chassis | B115: mês | C115: =C112*12 -> 120 | D115: =IF(C113<=C112,E114,0) -> 521440 | E115: =IFERROR(D115/C115,0) -> 4345.3333
A116: Custo de aquisição do conjunto Julieta | B116: unidade | C116: 1 | D116: 350000 | E116: =C116*D116 -> 350000
A117: Vida útil da Julieta container | B117: anos | C117: 10
A118: Idade da Julieta container | B118: anos | C118: 0
A119: Depreciação da Julieta container | B119: % | C119: =IFERROR(VLOOKUP(C117,'5. Depreciação'!A4:B18,2,FALSE),0) -> 65.18 | D119: =E116 -> 350000 | E119: =C119*D119/100 -> 228130
A120: Depreciação mensal da Julieta | B120: mês | C120: =C117*12 -> 120 | D120: =IF(C118<=C117,E119,0) -> 228130 | E120: =IFERROR(D120/C120,0) -> 1901.0833
A121: Total por veículo | E121: =E115+E120 -> 6246.4167
A122: Total da frota | B122: unidade | C122: 1 | D122: =E121 -> 6246.4167 | E122: =C122*D122 -> 6246.4167
...

Sheet 2.Encargos Sociais
A1: Orientações para preenchimento:
A2: 1. Preencha previamente os dados de entrada na planilha 3.CAGED
A4: MUNICÍPIO DE SANTA CLARA DO SUL
A5: 2. Composição dos Encargos Sociais
A6: Código | B6: Descrição | C6: Valor
A7: A1 | B7: INSS | C7: 0.2
A8: A2 | B8: SESI | C8: 0.015
A9: A3 | B9: SENAI | C9: 0.01
A10: A4 | B10: INCRA | C10: 0.002
A11: A5 | B11: SEBRAE | C11: 0.006
A12: A6 | B12: Salário educação | C12: 0.025
A13: A7 | B13: Seguro contra acidentes de trabalho | C13: 0.03
A14: A8 | B14: FGTS | C14: 0.08
A15: A | B15: SOMA GRUPO A | C15: =SUM(C7:C14) -> 0.368
A17: B1 | B17: Férias gozadas | C17: =ROUND(IF('3.CAGED'!C39>24,(1-12/'3.CAGED'!C39)*0.1111,0.1111-C26),4) -> 0.0619
A18: B2 | B18: 13º salário | C18: =ROUND('3.CAGED'!C34/'3.CAGED'!C31,4) -> 0.0833
A19: B3 | B19: Licença Paternidade | C19: 0.0006
A20: B4 | B20: Faltas justificadas | C20: 0.0082
A21: B5 | B21: Auxilio acidente de trabalho | C21: 0.0031
A22: B6 | B22: Auxilio doença | C22: 0.0166
A23: B | B23: SOMA GRUPO B | C23: =SUM(C17:C22) -> 0.1737
A25: C1 | B25: Aviso prévio indenizado | C25: =ROUND(('3.CAGED'!C38)*'3.CAGED'!C30/'3.CAGED'!C31,4) -> 0.0256
A26: C2 | B26: Férias indenizadas | C26: =ROUND(IF('3.CAGED'!C39>12,12/'3.CAGED'!C39*0.1111,0.1111),4) -> 0.0492
A27: C3 | B27: Férias indenizadas s/ aviso previo inden. | C27: =C25*C26 -> 0.00125952
A28: C4 | B28: Depósito rescisão sem justa causa | C28: =ROUND(('3.CAGED'!C31+'3.CAGED'!C32+'3.CAGED'!C34)/'3.CAGED'!C29*'3.CAGED'!C36*'3.CAGED'!C37*'3.CAGED'!C30/'3.CAGED'!C31,4) -> 0.0205
A29: C5 | B29: Indenização adicional | C29: =ROUND(('3.CAGED'!C33/'3.CAGED'!C31)*'3.CAGED'!C30/12,4) -> 0.0018
A30: C | B30: SOMA GRUPO C | C30: =SUM(C25:C29) -> 0.09835952
A32: D1 | B32: Reincidência de Grupo A sobre Grupo B | C32: =ROUND(C15*C23,4) -> 0.0639
A33: D2 | B33: Reincidência de FGTS sobre aviso prévio indenizado | C33: =ROUND((C25*C14),4) -> 0.002
A34: D | B34: SOMA GRUPO D | C34: =SUM(C32:C33) -> 0.0659
B35: SOMA (A+B+C+D) | C35: =C34+C30+C23+C15 -> 0.70595952

Sheet 3.CAGED
A1: CÁLCULO DAS VERBAS INDENIZATÓRIAS DOS EMPREGADOS NO SETOR DE COLETA DE RESÍDUOS SÓLIDOS URBANOS
A3: Para preencher esta planilha siga os passos 1 a 5:
A4: 1. Acesse o Portal do CAGED no link http://bi.mte.gov.br/cagedestabelecimento/pages/consulta.xhtml
A5: 2. Na Especificação da Consulta, selecione "Demonstrativo por período" e informe as competências relativas ao período Inicial e Final (últimos 12 meses)
A6: 3. Em Nível Geográfico selecione "Unidade da Federação" e marque a opção "Rio Grande do Sul"
A7: 4. Em Nível Setorial selecione "Classe de atividade econômica segundo a classificação CNAE – versão 2.0 (669 categorias)" e marque a opção "38114 – Coleta de Resíduos Não-Perigosos"
A8: 5. Clique em Gerar Relatório
A9: 6. Preencha as células em amarelo
B10: MUNICÍPIO DE SANTA CLARA DO SUL
B11: 3. CAGED
B12: Rio Grande do Sul - Coleta de Resíduos Não-Perigosos - CNAE 38114
B13: Admissões | C13: 2100
B14: Desligamentos | C14: 2031
B15: Dispensados com justa causa | C15: 44
B16: Dispensados sem justa causa | C16: 1192
B17: Espontâneos | C17: 372
B18: Fim de contrato por prazo determinado | C18: 22
B19: Término de contrato | C19: 350
B20: Aposentados | C20: 1
B21: Mortos | C21: 30
B22: Transferência de saída | C22: 0
B23: Acordo | C23: 0
B24: Indicadores:
B25: Estoque recuperado início do Período 01-01-2019 | C25: 4625
B26: Estoque recuperado final do Período 31-12-2019 | C26: 4694
B27: Variação Emprego Absoluta de 2026 | C27: =C13-C14 -> 69
B29: Rotatividade | C29: =MEDIAN(C13,C14)/MEDIAN(C25,C26) -> 0.44328791
B30: Demitidos s/ Justa Causa em relação ao Estoque Médio | C30: =C16/MEDIAN(C25,C26) -> 0.25582144
B31: Dias ano | C31: 360
B32: 1/3 de férias (dias) | C32: 10
B33: Férias (dias) | C33: 30
B34: 13º Salário (dias) | C34: 30
B35: Estoque Médio | C35: =MEDIAN(C25,C26) -> 4659.5
B36: FGTS | C36: 0.08
B37: Multa FGTS | C37: 0.4
B38: Dias de Aviso prévio | C38: =30+(3*TRUNC(1/C29)) -> 36
B39: ROTATIVIDADE TEMPORAL( MESES): | C39: =12/C29 -> 27.070443

Sheet 4.BDI
A2: MUNICÍPIO DE SANTA CLARA DO SUL
A3: 4. Composição do B.D.I. (Benefícios e Despesas Indiretas)
A4: Descrição | B4: Item | C4: Valor | D4: Referência estudo TCE
D5: 1° Quartil | E5: Médio | F5: 3° Quartil
A6: Administração Central | B6: AC | C6: 0.0508 | D6: 0.0297 | E6: 0.0508 | F6: 0.0627
A7: Seguros/Riscos/Garantias | B7: SRG | C7: 0.0133 | D7: =0.3%+0.56% -> 0.0086 | E7: =0.48%+0.85% -> 0.0133 | F7: =0.82%+0.89% -> 0.0171
A8: Lucro | B8: L | C8: 0.1085 | D8: 0.0778 | E8: 0.1085 | F8: 0.1355
A9: Despesas Financeiras | B9: DF | C9: =(1+E9)^(E10/252)-1 -> 0 | E9: 0.14
A10: Tributos - ISS | B10: T | C10: 0.03 | E10: 0
A11: Tributos - PIS/COFINS | C11: 0.0365
A12: Fórmula para o cálculo do B.D.I.:
A13: {[(1+AC+SRG) x (1+L) x (1+DF)] / (1-T)} -1
A14: Resultado do cálculo do BDI: | B14: =ROUND((((1+C6+C7)*(1+C8)*(1+C9))/(1-(C10+C11))-1),4) -> 0.2636 | D14: 0.2143 | E14: 0.2717 | F14: 0.3362
A17: 4. Composição do B.D.I. Sem Lucro (Benefícios e Despesas Indiretas)
A18: Descrição | B18: Item | C18: Valor | D18: Referência estudo TCE
D19: 1° Quartil | E19: Médio | F19: 3° Quartil
A20: Administração Central | B20: AC | C20: 0.0508 | D20: 0.0297 | E20: 0.0508 | F20: 0.0627
A21: Seguros/Riscos/Garantias | B21: SRG | C21: 0.0133 | D21: =0.3%+0.56% -> 0.0086 | E21: =0.48%+0.85% -> 0.0133 | F21: =0.82%+0.89% -> 0.0171
A22: Lucro | B22: L | C22: 0 | D22: 0.0778 | E22: 0.1085 | F22: 0.1355
A23: Despesas Financeiras | B23: DF | C23: =(1+E23)^(E24/252)-1 -> 0 | E23: 0.14
A24: Tributos - ISS | B24: T | C24: 0.03 | E24: 0
A25: Tributos - PIS/COFINS | C25: 0.0365
A26: Fórmula para o cálculo do B.D.I.:
A27: {[(1+AC+SRG) x (1+L) x (1+DF)] / (1-T)} -1
A28: Resultado do cálculo do BDI: | B28: =ROUND((((1+C20+C21)*(1+C22)*(1+C23))/(1-(C24+C25))-1),4) -> 0.1399 | D28: 0.2143 | E28: 0.2717 | F28: 0.3362

Sheet 5. Depreciação
A1: MUNICÍPIO DE SANTA CLARA DO SUL
A2: 5. Depreciação Referencial TCE/RS (%)
A3: Idade do veículo (ano) | B3: Depreciação Média
A4: 1 | B4: 33.63
A5: 2 | B5: 43.13
A6: 3 | B6: 48.68
A7: 4 | B7: 52.62
A8: 5 | B8: 55.68
A9: 6 | B9: 58.18
A10: 7 | B10: 60.29
A11: 8 | B11: 62.12
A12: 9 | B12: 63.73
A13: 10 | B13: 65.18
A14: 11 | B14: 66.48
A15: 12 | B15: 67.67
... A18: 15 | B18: 70.73

Sheet 6.Remuneração de capital
A1: MUNICÍPIO DE SANTA CLARA DO SUL
A2: 6. Remuneração de Capital
A4: Fórmula de cálculo da remuneração de capital:
C6: Jm = | D6: Im x i
D7: 12
C8: Im = | D8: (Vo - Vr) x | E8: (n +1) | F8: + | G8: Vr
E9: 2n
A13: Jm = remuneração de capital mensal
A14: i = taxa de juros do mercado (sugere-se adotar a taxa SELIC)
A15: Im = investimento médio
A16: V0 = valor inicial do bem
A17: Vr = valor residual do bem
A18: n = vida útil do bem em anos

Sheet 7. Dimensionamento
A6: MUNICÍPIO DE SANTA CLARA DO SUL
A7: 7. Dimensionamento da frota
A9: Indicador | B9: Unidade | C9: Valor
A10: População (H) | B10: hab | C10: 9256
A11: Geração per capita (G) | B11: Kg/hab.dia | C11: 0.6633
A12: Geração total diária (Qd) | B12: ton/dia | C12: =C13/30 -> 6.1436667
A13: Geração Mensal | B13: ton | C13: 184.31
A14: Número de dias de coleta por semana (Dc) | B14: dia | C14: 6
A15: Quantitativo diário de coleta (Qc) | B15: ton/dia | C15: =IFERROR(C12*7/C14,0) -> 7.1676111
A16: Densidade RSU compactado | B16: Kg/m³ | C16: 500
A17: Tipo de Veículo (1 = toco) | C17: 1
A18: Capacidade do Compactador | B18: m³ | C18: 15
A19: Capacidade nominal de carga (Cc) | B19: ton | C19: =IF(AND(C18>=15,C17=1),7.5,C18/2) -> 7.5
A20: Número de Cargas por dia (Nc) | C20: =IFERROR(C15/C19,0) -> 0.95568148
A21: Número total de percursos de coleta por veículo, por dia (Np) | C21: 1
A22: Número de veículos da Frota (F) | C22: =IFERROR(C20/C21,0) -> 0.95568148
